AoeStats
← AxingQuestions

Nomad

504355379Analyzed
4v4 RM · 26d ago on Sep 5, 2026· 15m 9s· 8 players
Game mode
Random Map
Map size
231×231
Population
200
Speed
Normal
Resources
Standard
Victory
Conquest
Starting age
Dark Age
Ending age
Imperial Age
RankedLock teamsTeams togetherTeam positionsShared explorationLock speedFull tech treeHidden civsTurbo modeCheats
Victory
Defeat
🇺🇸 Vietnamese · United States
1250
+14
🇺🇸 Hindustanis · United States
1234
+15
🇨🇳 Slavs · China
1214
+16
🇺🇸 Bengalis · United States
1156
+17
🇨🇴 Mongols · Colombia
1242
-17
🇻🇪 Franks · Venezuela
1214
-16
🇵🇪 Burgundians · Peru
1201
-15
🇹🇼 Persians · Taiwan
1176
-14
RSpartan18
15:25 Feudal Age
13:43 Double-Bit Axe
14:17 Fishing Lines
Lord_Ermack
TheMarshall
3:17 Loom
12:27 Feudal Age
16:34 Castle Age
3A
3:56 Loom
12:51 Feudal Age
AxingQuestions
14:13 Feudal Age
15:11 Loom
kyadwadk
12:44 Feudal Age
14:43 Loom
14:44 Town Watch
fyerlang
3:36 Loom
16:18 Feudal Age
BeeBoy
4:17 Loom
12:48 Feudal Age
13:22 Double-Bit Axe
13:19 Fishing Lines
13:48 Gold Mining
Connection lost

Rejoining the realm…

Still unreachable

The connection could not be restored.

Session expired

The server has moved on; the page needs a fresh start.